 Dungeon Crawl Stone Soup version 0.28.0-53-g5a82cb258f (webtiles) character file.

Game seed: 6116440979108346941

44 styxcanada the Sneak (level 3, -3/18 HPs)
             Began as a Spriggan Brigand on Aug 13, 2022.
             Slain by a gnoll
             ... wielding a +0 halberd
              (10 damage)
             ... on level 2 of the Dungeon.
             The game lasted 00:03:45 (1322 turns).

styxcanada the Sneak (Spriggan Brigand)             Turns: 1322, Time: 00:03:46

Health: -3/18      AC:  3    Str:  7    XL:     3   Next: 39%
Magic:  4/4        EV: 17    Int: 12    God:
Gold:   41         SH:  0    Dex: 18    Spells: 2/2 levels left

rFire   . . .      SeeInvis +   a - +2 dagger
rCold   . . .      Faith    .   (no shield)
rNeg    . . .      Spirit   .   b - +0 robe
rPois   .          Reflect  .   (helmet restricted)
rElec   .          Harm     .   c - +0 cloak
rCorr   .          Rampage  .   (gloves unavailable)
Will    .....                   (boots unavailable)
Stlth   ++++......              (no amulet)
HPRegen 0.06/turn               (no ring)
MPRegen 0.09/turn               (no ring)

@: very quick
A: very small, no large weapons, unfitting armour, see invisible, speed 3
a: no special abilities


You were on level 2 of the Dungeon.
You visited 1 branch of the dungeon, and saw 2 of its levels.

You collected 41 gold pieces.

Inventory:

Hand Weapons
 a - a +2 dagger (weapon)
 k - a +0 hunting sling
Missiles
 f - 26 sling bullets
 j - 14 stones (quivered)
Armour
 b - a +0 robe (worn)
 c - a +0 cloak (worn)
Scrolls
 g - a scroll of identify {unknown}
 h - a scroll of fog {unknown}
 i - a scroll of vulnerability {unknown}


   Skills:
 * Level 1.9 Fighting
 + Level 2.5 Short Blades
 + Level 2.2 Throwing
 * Level 1.9 Dodging
 * Level 6.9 Stealth


You had 2 spell levels left.
You didn't know any spells.
Your spell library contained the following spells:

 Spells                   Type           Power      Damage    Failure   Level
 Conjure Flame            Conj/Fire      0%         6-21      69%         3
 Ignite Poison            Fire/Tmut/Pois 0%         N/A       69%         3
 Sticky Flame             Conj/Fire      0%         2d3       97%         4


Dungeon Overview and Level Annotations

Branches:
Dungeon (2/15)

Altars:

Shops:
D:2 [


Innate Abilities, Weirdness & Mutations

You are very small and have problems with some larger weapons.
You are too small for most types of armour.
You have supernaturally acute eyesight. (SInv)
You cover ground extremely quickly. (Speed+++)


Message History

The gnoll is lightly wounded.
Found 12 gold pieces.
The gnoll looks more healthy.
Throw: 19 stones
Press: ? - help, Q - select action Shift-Dir - straight line, f/p - gnoll
Aim: a gnoll, wielding a +0 halberd (heavily wounded, 65% to hit)
You throw a stone. The stone barely misses the gnoll.
k - a +0 hunting sling (weapon)
Fire: 18 stones
Press: ? - help, Q - select action, (/) - cycle Shift-Dir - straight line, f/p - gnoll
Aim: a gnoll, wielding a +0 halberd (heavily wounded, 64% to hit)
You shoot a stone.
The stone hits the gnoll but does no damage.
The gnoll is heavily wounded.
Fire: 17 stones
Press: ? - help, Q - select action, (/) - cycle Shift-Dir - straight line, f/p - gnoll
Aim: a gnoll, wielding a +0 halberd (heavily wounded, 64% to hit)
You shoot a stone. The stone hits the gnoll.
The gnoll is heavily wounded.
Unknown command.
Found Emmunix's Antique Armour Shoppe.
Fire: 16 stones
Press: ? - help, Q - select action, (/) - cycle Shift-Dir - straight line, f/p - gnoll
Aim: a gnoll, wielding a +0 halberd (heavily wounded, 64% to hit)
You shoot a stone. The stone hits the gnoll.
The gnoll is severely wounded.
Fire: 15 stones
Press: ? - help, Q - select action, (/) - cycle Shift-Dir - straight line, f/p - gnoll
Aim: a gnoll, wielding a +0 halberd (severely wounded, 64% to hit)
You shoot a stone. The stone hits the gnoll.
The gnoll is severely wounded.
The gnoll completely misses you.
a - a +2 dagger (weapon)
The gnoll hits you from afar with a +0 halberd!
Ouch! That really hurt!
You completely miss the gnoll.
The gnoll is severely wounded.
The gnoll hits you with a +0 halberd!
Ouch! That really hurt!
You die...

##.....##
#..#..#.<..#
#..#...)...#
#..#.<._.#..
#..#.......#
########..#..#.<..#
##..$......##.....##
#.............#####.
+..@g......(...(....
#...##............##
#..∩##.....#########
#...##.....# #
#...######## #####


You could see a gnoll.

Vanquished Creatures
  A gnoll (D:2)
  An adder (D:2)
  3 dart slugs
  A ball python (D:1)
  An endoplasm (D:1)
  A giant cockroach (D:1)
  4 hobgoblins (D:1)
  3 kobolds
  A quokka (D:2)
  2 frilled lizards (D:1)
  A goblin (D:2)
19 creatures vanquished.

Notes
Turn   | Place    | Note
-------+----------+-------------------------------------------
     0 | D:1      | styxcanada the Spriggan Brigand began the quest for the
                  | Orb.
     0 | D:1      | Reached XP level 1. HP: 10/10 MP: 2/2
    40 | D:1      | Reached skill level 6 in Stealth
   460 | D:1      | Reached XP level 2. HP: 15/15 MP: 3/3
  1074 | D:2      | Found a faded altar of an unknown god.
  1112 | D:2      | Reached XP level 3. HP: 10/18 MP: 4/4
  1315 | D:2      | Found Emmunix's Antique Armour Shoppe.
  1322 | D:2      | Slain by a gnoll

Illustrated notes

Levels and vault maps discovered:
D:1:      elethiomel_arrival_shortcut, layout_loops_corners
D:2:      layout_basic, serial_shops, shop, nicolae_ecumenical_pavilion

Skill      XL: |  1 |
---------------+----+-----
Stealth        | 6 |  6.9
Fighting       | |  1.9
Short Blades   | |  2.5
Throwing       | |  2.2
Dodging        | |  1.9

Action                   || total
-------------------------++-------
Melee: Dagger            ||    34
       Punch             ||     1
 Fire: Hunting sling     ||     4
Throw: Dart              ||    26
       Stone             ||     1
 Stab: Sleeping          ||     6
Armor: Robe              ||     3
Dodge: Dodged            ||    17
